Map: Blackpink LE

Players

Zergio

  • Race: Zerg Zerg
  • League: Gold
  • Spawn Location: 1:00

CinDra - Winner!

  • Race: Zerg Zerg
  • League: Gold
  • Spawn Location: 7:00

VOD

Have the link to the VOD?

Description

Time

  • Played on: March 7, 2018, 10:58 p.m.
  • Length: 14:12
Show
View Real Time Build Order
Export as new Build Order

Zergio Zerg 

Build Orders: Hatch First, Muta Ling Bane 

Get SALT Encoding   

  12  0:01  Drone  
  13  0:12  Overlord  
  13  0:19  Drone  
  14  0:31  Drone x2  
  16  0:41  Drone  
  17  0:46  Drone  
  18  0:59  Hatchery  
  17  1:11  Spawning Pool  
  17  1:14  Drone  
  17  1:17  Drone  
  18  1:22  Drone  
  18  1:25  Extractor  
  18  1:30  Extractor  
  18  1:31  Drone  
  18  1:41  Overlord  
  18  1:51  Drone  
  19  1:59  Queen  
  21  2:05  Zergling x2  
  22  2:15  Metabolic Boost  
  22  2:23  Zergling x4  
  24  2:31  Queen  
  24  2:35  Queen  
  28  2:39  Drone  
  28  2:40  Drone x3  
  32  2:55  Drone x3  
  35  3:10  Zergling x4  
  35  3:26  Hatchery  
  34  3:29  Drone x2  
  34  3:31  Overlord x2  
  36  3:34  Lair  
  36  3:56  Zergling x2  
  36  3:57  Zergling x8  
  41  4:03  Zergling x2  
  41  4:05  Zergling x4  
  41  4:06  Zergling x2  
  45  4:14  Zergling x2  
  46  4:31  Drone x4  
  49  4:33  Extractor  
  49  4:35  Extractor  
  48  4:44  Spire  
  48  4:45  Drone x3  
  49  4:46  Zergling x4  
  49  4:47  Zergling x6  
  55  4:53  Overseer  
  55  5:00  Drone  
  55  5:01  Drone x2  
  58  5:13  Baneling Nest  
  57  5:15  Drone  
  58  5:25  Overseer  
  58  5:29  Overlord x2  
  58  5:30  Overlord  
  58  5:56  Mutalisk x3  
  58  5:57  Mutalisk x3  
  58  6:00  Extractor  
  58  6:02  Drone  
  58  6:03  Extractor, Drone x8  
  77  6:15  Centrifical Hooks  
  77  6:20  Baneling x5  
  76  6:44  Mutalisk x2  
  80  6:49  Drone x2  
  68  7:24  Spine Crawler  
  68  7:25  Drone  
  68  7:26  Spine Crawler, Drone x10  
  77  7:35  Evolution Chamber  
  77  7:36  Evolution Chamber  
  75  7:50  Mutalisk  
  75  7:51  Mutalisk x2  
  77  7:53  Overlord x4  
  77  8:17  Mutalisk x5  
  77  8:18  Mutalisk x4  
  90  8:34  Spire, Zergling x6, Hatchery  
  90  8:36  Zerg Melee Weapons Level 1  
  90  8:40  Overseer  
  90  8:44  Pneumatized Carapace  
  90  8:50  Mutalisk x3  
  90  8:52  Zergling x2  
  90  8:53  Zergling x2  
  92  9:09  Zergling x12  
  77  9:10  Zergling x8  
  77  9:16  Mutalisk x2  
  75  9:25  Zergling x2  
  75  9:26  Zergling x4  
  70  9:48  Mutalisk x3  
  70  9:49  Mutalisk x4  
  84  10:01  Drone x2  
  84  10:02  Queen, Drone x2  
  84  10:06  Baneling  
  90  10:07  Baneling x5  
  90  10:08  Baneling  
  90  10:12  Zerg Flyer Weapons Level 1  
  90  10:21  Spine Crawler  
  90  10:24  Spine Crawler  
  90  10:27  Spine Crawler  
  87  10:30  Baneling x4  
  87  10:34  Zergling x8  
  91  10:42  Drone x4  
  95  10:43  Drone  
  95  10:45  Extractor  
  95  10:49  Extractor  
  94  10:59  Baneling  
  94  11:00  Baneling x8  
  94  11:02  Drone x2  
  94  11:03  Drone x4  
  100  11:20  Mutalisk x2  
  100  11:22  Overlord x3  
  94  11:56  Mutalisk  
  94  11:57  Mutalisk x11  
  94  11:59  Zergling x2  
  94  12:01  Zergling x2  
  120  12:12  Spine Crawler x2  
  120  12:15  Spine Crawler  
  99  12:37  Zergling x2  
  99  12:38  Zergling x24  
  62  13:03  Zergling x2  
  62  13:04  Zergling x16  
  67  13:14  Zergling x4  
  69  13:27  Hatchery  
  69  13:32  Baneling x2  
  69  13:33  Baneling x6  
  69  13:34  Hatchery, Baneling  
Show
View Real Time Build Order
Export as new Build Order

CinDra Zerg - Winner!

Build Orders: Hatch First 

Get SALT Encoding   

  12  0:02  Drone  
  13  0:12  Overlord  
  13  0:18  Drone  
  14  0:34  Drone  
  14  0:35  Drone  
  16  0:38  Drone  
  17  0:56  Hatchery  
  16  0:58  Drone  
  16  1:03  Drone  
  18  1:07  Extractor  
  17  1:17  Spawning Pool  
  16  1:20  Drone  
  16  1:23  Drone  
  18  1:28  Drone  
  19  1:39  Overlord  
  19  1:50  Drone  
  20  2:06  Zergling x2, Queen  
  23  2:10  Metabolic Boost  
  23  2:12  Queen  
  23  2:13  Zergling x2  
  26  2:16  Zergling x2  
  27  2:23  Drone x2  
  27  2:29  Drone  
  30  2:36  Drone  
  31  2:50  Zergling x4  
  33  3:00  Drone x2  
  34  3:24  Zergling x4  
  34  3:25  Overlord  
  35  3:36  Drone, Baneling Nest  
  35  3:48  Queen x2  
  35  3:51  Overlord  
  35  3:52  Drone, Overlord  
  35  3:53  Drone x3  
  35  3:55  Hatchery  
  42  4:01  Zergling x2  
  43  4:10  Drone x6  
  43  4:11  Drone  
  50  4:18  Extractor  
  50  4:20  Extractor, Drone  
  50  4:21  Extractor  
  48  4:32  Zergling x6  
  48  4:34  Baneling  
  48  4:35  Baneling x6  
  51  4:47  Queen  
  51  4:48  Overlord  
  51  4:49  Overlord  
  51  4:50  Drone x4  
  57  4:57  Drone  
  57  4:58  Drone  
  59  5:17  Pneumatized Carapace  
  59  5:20  Lair  
  59  5:23  Drone x3  
  62  5:31  Drone  
  62  5:32  Drone x5  
  62  5:33  Drone  
  69  5:37  Zergling x2  
  70  5:50  Unknown  
  70  5:51  Zergling x6  
  70  5:52  Overlord x3  
  70  5:53  Overlord x4  
  73  6:08  Hatchery  
  72  6:15  Zergling x2  
  72  6:16  Zergling x10  
  77  6:32  Centrifical Hooks  
  77  6:35  Evolution Chamber  
  77  6:36  Evolution Chamber  
  67  6:41  Drone  
  67  6:42  Zergling x2  
  67  6:43  Hydralisk Den, Zergling x18  
  67  7:03  Spore Crawler  
  62  7:11  Hydralisk  
  62  7:12  Hydralisk x2  
  62  7:13  Hydralisk x9  
  86  7:21  Spore Crawler  
  85  7:24  Zerg Ground Armor Level 1, Zerg Missile Weapons Level 1  
  85  7:26  Grooved Spines  
  85  7:32  Spore Crawler  
  85  7:34  Spore Crawler, Drone  
  85  7:35  Drone  
  85  7:36  Drone  
  86  7:55  Hydralisk x4  
  86  7:56  Hydralisk  
  96  8:02  Extractor  
  95  8:06  Extractor  
  91  8:17  Queen  
  91  8:19  Hydralisk  
  93  8:20  Hydralisk x4  
  93  8:25  Drone x3  
  106  8:43  Overseer x3  
  106  8:50  Muscular Augments  
  101  9:05  Hydralisk  
  101  9:06  Hydralisk x8  
  96  9:30  Hydralisk x7  
  96  9:57  Hydralisk x5  
  106  10:01  Drone x2  
  106  10:02  Drone  
  109  10:08  Hatchery  
  109  10:13  Drone x6  
  114  10:27  Hydralisk  
  114  10:28  Hydralisk x3  
  122  10:43  Overlord x5  
  122  10:44  Overlord  
  122  10:51  Overlord x2  
  122  10:57  Zerg Missile Weapons Level 2  
  122  10:59  Zerg Ground Armor Level 2  
  122  11:07  Drone  
  122  11:08  Drone x6  
  129  11:20  Infestation Pit  
  128  11:28  Drone  
  128  11:29  Drone x9  
  128  11:31  Hydralisk  
  134  12:01  Hatchery  
  134  12:04  Hydralisk x2  
  134  12:05  Hydralisk x8  
  153  12:21  Hydralisk x6  
  165  12:27  Drone x3  
  150  12:38  Hydralisk x3  
  144  12:50  Hydralisk x4  
  144  12:51  Hydralisk  
  150  13:28  Extractor  
  150  13:29  Extractor  
  150  13:30  Drone  
  150  13:31  Drone x10  
  150  13:32  Queen  
Tags
 
Composition
Muta Ling Bane
League
GoldGold
Matchup
ZvZ
Race
Zerg
Spawn Locations
Cross Positions
Add a new tag
Caveats
  • Supply blocks, unpowered buildings, or Contaminate may cause inaccurate times.
  • Supply counts are checked every 10 seconds.